 Dungeon Crawl Stone Soup version 0.17-a0-2002-g92c7e20 (webtiles) character file.

58 tp1 the Skirmisher (level 4, 0/28 HPs)
             Began as a Gargoyle Berserker on Oct 8, 2015.
             Was a Follower of Trog.
             Slain by an ogre
             ... wielding a +0 giant club
              (15 damage)
             ... on level 5 of the Dungeon.
             The game lasted 00:07:57 (2070 turns).

tp1 the Skirmisher (Gargoyle Berserker)             Turns: 2070, Time: 00:07:57

Health: 0/28       AC: 13    Str: 21    XL:     4   Next: 1%
Magic:  4/4        EV:  8    Int:  7    God:    Trog [*.....]
Gold:   145        SH:  0    Dex: 12    Spells: 0 memorised, 3 levels left

rFire  . . .     SeeInvis +     m - +0 war axe (curse)
rCold  . . .     Clarity  .     i - +1 chain mail
rNeg   + . .     SustAt   .     (no shield)
rPois  ∞         Gourm    .     (no helmet)
rElec  +         Spirit   .     (no cloak)
rCorr  .         Warding  .     (no gloves)
rMut   .         Stasis   .     (no boots)
MR     .....                    (no amulet)
Stlth  ..........               q - ring of see invisible
                                g - +2 ring of dexterity

@: not resistant to hostile enchantments, extremely unstealthy
A: negative energy resistance 1, electricity resistance, unbreathing,
petrification resistance, rot immunity, AC +3
a: Burn Spellbooks, Berserk, Renounce Religion


You were on level 5 of the Dungeon.
You worshipped Trog.
Trog was aware of your devotion.
You were not hungry.

You visited 1 branch of the dungeon, and saw 5 of its levels.

You collected 145 gold pieces.

Inventory:

Hand Weapons
 a - a +0 hand axe
 d - a +1 flail
 m - a cursed +0 war axe (weapon)
Armour
 b - a +0 animal skin
 e - a +0 ring mail
 i - a +1 chain mail (worn)
Jewellery
 g - a +2 ring of dexterity (left hand)
 q - a ring of see invisible (right hand)
Wands
 x - a wand of lightning (8)
 y - a wand of frost (32)
Scrolls
 f - 2 scrolls of identify
 j - a scroll of remove curse
 l - a scroll of magic mapping
 o - a scroll of enchant weapon
 t - 3 scrolls of teleportation
 w - a scroll of amnesia
Potions
 k - a potion of curing
 n - a potion of poison
 p - a potion of heal wounds
 s - a potion of magic {unknown}
 v - a potion of degeneration {unknown}
 z - a potion of flight {unknown}
Comestibles
 c - 3 bread rations
 h - 4 meat rations
 r - a beef jerky
 u - a slice of pizza
 A - 8 fruits


   Skills:
 - Level 3.2 Fighting
 + Level 2.9(3.0) Axes
 * Level 1.0(2.2) Maces & Flails
 - Level 2.1 Armour
 - Level 3.0 Dodging


You had 3 spell levels left.
You didn't know any spells.

Dungeon Overview and Level Annotations

Branches:
Dungeon (6/15)
 Temple: D:4-7

Altars:
Elyvilon
Fedhas


Innate Abilities, Weirdness & Mutations

You are resistant to torment.
Your stone body is resilient (AC +3).
You are immune to poison.
You resist negative energy.
You are resistant to electric shocks.
You can survive without breathing.
You are immune to petrification.
You are immune to rotting.


Message History

Unknown command.
You miss the orc wizard. The orc wizard barely misses you.
You bump into the stone wall.
The orc wizard hits you but does no damage.
The ogre hits you but does no damage.
You bump into the stone wall.
The orc wizard hits you but does no damage.
The ogre barely misses you.
You miss the orc wizard. You hit the ogre.
The ogre is moderately wounded.
You feel less confused.
The orc wizard hits you but does no damage.
The ogre hits you with a giant club!
The orc wizard hits you but does no damage.
Eat which item? (? for menu, Esc to quit)
The orc wizard hits you but does no damage.
You continue eating.
The ogre hits you with a giant club!
Ouch! That really hurt!
You die...

########.
######.......# ##
#.....>#####.# ..
#o####.#### # #.
#@#.......##.## #.#..
#O#.##........#
......##.#.##........#
#O...........[o##.#
#.#########.#..# #
#.##.# #..... ####o##
..o


You could see an ogre and an orc wizard.

Vanquished Creatures
  2 adders (D:2)
  A gnoll (D:1)
  A worm (D:2)
  A giant gecko (D:1)
  3 goblins (D:2)
  5 hobgoblins
  4 bats
  A giant newt (D:2)
  4 kobolds
  4 rats
26 creatures vanquished.

Notes
Turn   | Place    | Note
--------------------------------------------------------------
     0 | D:1      | tp1 the Gargoyle Berserker began the quest for the Orb.
     0 | D:1      | Reached XP level 1. HP: 14/14 MP: 1/1
    13 | D:1      | Reached XP level 2. HP: 2/19 MP: 2/2
   944 | D:1      | Reached XP level 3. HP: 23/23 MP: 3/3
  1389 | D:2      | Reached skill level 1 in Maces & Flails
  1509 | D:2      | Reached XP level 4. HP: 25/28 MP: 4/4
  1691 | D:3      | Found a white marble altar of Elyvilon.
  1763 | D:3      | Found a blossoming altar of Fedhas.
  1839 | D:3      | You fall through a shaft for 3 floors!
  2035 | D:5      | Entered Level 5 of the Dungeon
  2059 | D:5      | Noticed an ogre
  2070 | D:5      | Slain by an ogre

Vault maps used:
D:1:      scummos_arrival_simple_fountains, serial_glass, glass_columns_a,
          glass_columns_a, due_unseen_surprise, minivault_24
D:2:      first_bread
D:3:      old_standard_altar, minmay_misc_feat_four_crosses,
          fedhas_altar_fruit_tree
D:5:      lemuel_coloured_pillars_altar, uniq_sigmund
D:6:      evilmike_ruin_ashenzari

Action                   |  1- 3 |  4- 6 || total
-------------------------+-------+-------++-------
Melee: Hand axe          |    11 |       ||    11
       Flail             |    46 |       ||    46
       War axe           |    33 |     2 ||    35
  Use: Scroll            |     5 |     3 ||     8
       Potion            |     1 |       ||     1
  Eat: Chunk             |     2 |       ||     2
       Bread ration      |       |     1 ||     1
